 Dungeon Crawl Stone Soup version 0.31-a0-216-g22e908daa7 (webtiles) character file.

Game seed: 17290442095676178747

11 qw the Shooter (level 2, -6/16 HPs)
             Began as a Gargoyle Hexslinger on July 2, 2023.
             Killed from afar by Sigmund (8 damage)
             ... with a puff of flame
             ... on level 2 of the Dungeon.
             The game lasted 00:00:15 (631 turns).

qw the Shooter (Gargoyle Hexslinger)                 Turns: 631, Time: 00:00:16

Health: -6/16      AC:  7    Str: 11    XL:     2   Next: 25%
Magic:  3/3        EV: 10    Int: 13    God:
Gold:   60         SH:  0    Dex: 12    Spells: 2/3 levels left

rFire   . . .        Y - +2 sling
rCold   . . .        (no shield)
rNeg    + . .        f - +0 ring mail
rPois   inf          (no helmet)
rElec   +            (no cloak)
rCorr   .            (no gloves)
SInv    +            (no boots)
Will    .....        (no amulet)
Stlth   +            d - ring of see invisible
HPRegen 0.22/turn    (no ring)
MPRegen 0.08/turn

%: no passive effects
@: no status effects
A: sickness immunity, AC +2, negative energy resistance 1, electricity
resistance, torment resistance 1, petrification resistance
a: no special abilities


You were on level 2 of the Dungeon.
You visited 1 branch of the dungeon, and saw 2 of its levels.

You collected 60 gold pieces.


Innate Abilities, Weirdness & Mutations

You are immune to sickness and miasma.
Your stone body is resilient. (AC +2)
You are immune to poison.
You resist negative energy. (rN+)
You are resistant to electric shocks. (rElec)
You are resistant to unholy torment.
You are immune to petrification.


   Skills:
 - Level 1.1 Fighting
 + Level 2.9 Ranged Weapons
 - Level 1.5 Dodging
 - Level 1.0 Spellcasting
 - Level 2.6 Hexes


You had 2 spell levels left.
You knew the following spells:

 Your Spells              Type           Power      Damage    Failure   Level
a - Slow                  Hex            28%        N/A       22%         1

Your spell library contained the following spells:

 Spells                   Type           Power      Damage    Failure   Level
 Inner Flame              Hex/Fire       4%         N/A       75%         3
 Portal Projectile        Hex/Tloc       8%         N/A       75%         3
 Cause Fear               Hex            3%         N/A       92%         4

Inventory:

Hand Weapons
 Y - a +2 sling (weapon)
Armour
 f - a +0 ring mail (worn)
Jewellery
 d - a ring of see invisible (left hand)
Potions
 e - a potion of invisibility {unknown}
 h - a potion of might {unknown}
 i - a potion of curing {unknown}

Dungeon Overview and Level Annotations

Branches:
Dungeon (2/15)

Altars:

Annotations:
D:2 Sigmund


Message History

The sling bullet closely misses Sigmund.
Sigmund giggles. "Time to reap what you sow."
Sigmund points at you and mumbles some strange words.
You are confused.
Sigmund casts a spell at you.
You are more confused.
Sigmund gestures at you while chanting. You resist with significant effort.
Sigmund completely misses you.
Sigmund mumbles some strange words.
Sigmund flickers and vanishes for a moment.
Sigmund barely misses you.
Sigmund says, "Look into my eyes."
Sigmund closely misses you.
You feel less confused. Sigmund closely misses you.
You shoot a sling bullet.
The sling bullet closely misses Sigmund.
Sigmund hits you from afar with a +0 scythe!
You shoot a sling bullet. The sling bullet hits Sigmund.
Sigmund is lightly wounded.
Sigmund hits you from afar with a +0 scythe.
624 ||| READING scroll labelled TYEMEV JAINOV.
As you read the scroll labelled TYEMEV JAINOV, it crumbles to dust.
It is a scroll of identify.
Really abort (and waste the scroll)?
You see here 4 gold pieces.
You shoot a sling bullet. The sling bullet barely misses Sigmund.
Sigmund closely misses you.
You shoot a sling bullet.
The sling bullet hits Sigmund but does no damage.
Sigmund is lightly wounded.
Sigmund points at you and mumbles some strange words.
The magic dart hits you!
You shoot a sling bullet. The sling bullet hits Sigmund.
Sigmund is lightly wounded.
Sigmund casts a spell at you. The puff of flame hits you!
Ouch! That really hurt!
You die...

### #.#
#.###########
#............
#.###########
#.# ########.###
#..@.@.....+
#..###....###
#+####....#
.=.........#
....)...!.......
......[....%....
..(.............
..########......
. ......


You could see Sigmund (invisible).

Vanquished Creatures
  An endoplasm (D:1)
  A giant cockroach (D:1)
  2 hobgoblins (D:1)
  A ball python (D:1)
  A bat (D:1)
  A frilled lizard (D:1)
  A goblin (D:1)
  2 kobolds (D:1)
  2 rats
12 creatures vanquished.

Notes
Turn   | Place    | Note
-------+----------+-------------------------------------------
     0 | D:1      | qw the Gargoyle Hexslinger began the quest for the Orb.
     0 | D:1      | Reached XP level 1. HP: 12/12 MP: 2/2
     0 | D:1      | 0 ||| qw: Version: 0.3-a-39-g4513739
     0 | D:1      | 0 ||| qw: Game counter: 7884
     0 | D:1      | 0 ||| qw: Melee chars always use a shield: true
     0 | D:1      | 0 ||| qw: God list: Okawaru
     0 | D:1      | 0 ||| qw: Allow faded altars: false
     0 | D:1      | 0 ||| qw: Do Orc after clearing Dungeon:15 true
     0 | D:1      | 0 ||| qw: Do second Lair branch before Depths: true
     0 | D:1      | 0 ||| qw: Lair rune preference: random
     0 | D:1      | 0 ||| qw: Goals: Normal
     0 | D:1      | 0 ||| PLANNING D:1-11
   266 | D:1      | Reached XP level 2. HP: 16/16 MP: 3/3
   559 | D:1      | 559 ||| UPGRADING to +0 ring mail.
   569 | D:1      | 569 ||| DROPPING +0 robe.
   570 | D:1      | 570 ||| UPGRADING to ring of see invisible.
   571 | D:1      | 571 ||| READING scroll labelled ACAOL SIHICIDU.
   572 | D:1      | 572 ||| DROPPING scroll of poison.
   608 | D:2      | Noticed Sigmund
   624 | D:2      | 624 ||| READING scroll labelled TYEMEV JAINOV.
   630 | D:2      | HP: 1/16 [Sigmund/magic dart (7)]
   631 | D:2      | Killed from afar by Sigmund

Levels and vault maps discovered:
D:1:      psy_arrival_fountain, layout_rooms, minivault_25
D:2:      layout_basic, minmay_cupped, uniq_sigmund

Action                     || total
---------------------------++-------
   Fire: Sling             ||    48
    Use: Scroll            ||     2
 Armour: Robe              ||     6
  Dodge: Dodged            ||    18

Table legend:
 A = Non-vault XP
 B = Vault XP
 C = Vault XP percentage of total XP
 D = Non-vault monster count
 E = Vault monster count
 F = Vault count percentage of total count
                 A         B        C        D         E       F
            +---------+---------+-------+---------+---------+-------
      Total |      16 |       0 |   0.0 |      12 |       0 |   0.0
            +---------+---------+-------+---------+---------+-------
        D:1 |      15 |       0 |   0.0 |      11 |       0 |   0.0
        D:2 |       1 |       0 |   0.0 |       1 |       0 |   0.0
            +---------+---------+-------+---------+---------+-------
